 Dungeon Crawl Stone Soup version 0.23.0-3-gf3c87f2 (webtiles) character file.

Game seed: 4145683041616650549

1127 xccam the Slasher (level 8, 0/63 HPs)
             Began as a Gnoll Wanderer on Feb 20, 2019.
             Was an Initiate of Ru.
             Slain by a killer bee (8 damage)
             ... on level 6 of the Dungeon.
             The game lasted 00:09:40 (5000 turns).

xccam the Slasher (Gnoll Wanderer)                  Turns: 5000, Time: 00:09:41

Health: 0/63       AC:  9    Str: 15 (17) XL:     8   Next: 35%
Magic:  12/12      EV: 13    Int: 12 (15) God:    Ru [......]
Gold:   288        SH:  0    Dex: 13 (14) Spells: 13/13 levels left

rFire    . . .     SeeInvis .   d - +0 falchion
rCold    . . .     Gourm    .   (no shield)
rNeg     . . .     Faith    .   m - +0 leather armour
rPois    .         Spirit   .   x - +1 helmet
rElec    .         Reflect  .   o - +0 cloak
rCorr    .         Harm     +   (no gloves)
MR       .....                  j - +0 pair of boots
Stlth    ++........             h - amulet of harm
HPRegen  0.20/turn              r - +2 ring of protection
MPRegen  0.13/turn              (no ring)

@: lethally poisoned (0 -> -1), about to teleport
A: distributed training, fangs 1, strong nose
a: Renounce Religion


You were on level 6 of the Dungeon.
You worshipped Ru.
Ru was noncommittal.
You were very hungry.

You visited 2 branches of the dungeon, and saw 7 of its levels.

You collected 288 gold pieces.

Inventory:

Hand Weapons
 b - a +2 blowgun
 d - a +0 falchion (weapon)
Missiles
 a - 3 curare-tipped needles
Armour
 j - a +0 pair of boots (worn)
 m - a +0 leather armour (worn)
 o - a +0 cloak (worn)
 x - a +1 helmet (worn)
Jewellery
 e - a +3 ring of protection
 h - an amulet of harm (around neck)
 r - a +2 ring of protection (left hand)
Scrolls
 c - a scroll of amnesia {unknown}
 g - a scroll of torment {unknown}
 i - a scroll of teleportation
 k - 6 scrolls of identify
 l - 2 scrolls of magic mapping {unknown}
 p - 4 scrolls of remove curse
 q - a scroll of enchant weapon {unknown}
 s - a scroll of blinking {unknown}
 u - a scroll of random uselessness {unknown}
 w - a scroll of fog {unknown}
 y - a scroll of noise {unknown}
Comestibles
 f - 9 rations


   Skills:
 + Level 5.6 Fighting
 + Level 3.1 Short Blades
 + Level 7.3 Long Blades
 + Level 3.1 Axes
 + Level 3.1 Maces & Flails
 + Level 3.1 Polearms
 + Level 3.1 Staves
 + Level 3.1 Slings
 + Level 3.1 Bows
 + Level 3.1 Crossbows
 + Level 4.1 Throwing
 + Level 3.1 Armour
 + Level 3.1 Dodging
 + Level 3.1 Stealth
 + Level 4.1 Shields
 + Level 3.1 Unarmed Combat
 + Level 3.1 Spellcasting
 + Level 2.5 Conjurations
 + Level 2.5 Hexes
 + Level 2.5 Charms
 + Level 2.5 Summonings
 + Level 2.5 Necromancy
 + Level 2.5 Translocations
 + Level 4.6 Transmutations
 + Level 2.5 Fire Magic
 + Level 2.5 Ice Magic
 + Level 3.4 Air Magic
 + Level 2.5 Earth Magic
 + Level 2.5 Poison Magic
 + Level 3.4 Invocations
 + Level 3.1 Evocations


You had 13 spell levels left.
You didn't know any spells.
Your spell library contained the following spells:

 Spells                   Type           Power        Failure   Level  Hunger
 Flame Tongue             Conj/Fire      #....        11%         1    #......
 Sting                    Conj/Pois      #...         11%         1    #......
 Poisonous Vapours        Pois/Air       #.....       13%         2    ###....
 Throw Flame              Conj/Fire      #.....       16%         2    ###....
 Mephitic Cloud           Conj/Pois/Air  #.......     28%         3    ###....
 Conjure Flame            Conj/Fire      #.......     30%         3    ###....
 Inner Flame              Hex/Fire       #.......     30%         3    ###....
 Olgreb's Toxic Radiance  Pois           #.......     71%         4    #####..
 Sticky Flame             Conj/Fire      #.......     71%         4    #####..
 Fireball                 Conj/Fire      #.........   96%         5    ######.
 Venom Bolt               Conj/Pois      #.........   96%         5    ######.


Dungeon Overview and Level Annotations

Branches:
Dungeon (6/15)             Temple (1/1) D:5

Altars:
Ashenzari
Dithmenos
Gozag
Hepliaklqana
Kikubaaqudgha
Nemelex Xobeh
Okawaru
Qazlal
Ru
Sif Muna
Vehumet
Wu Jian
Xom
Zin
The Shining One

Annotations:
D:6 Grinder


Innate Abilities, Weirdness & Mutations

Your experience applies equally to all skills.
You have very sharp teeth.
Your uncanny sense of smell can sniff out nearby items.


Message History

You kill the killer bee!
You start resting.
You feel sick. x2
The killer bee is too close now for your liking.
You feel sick.
The killer bee buzzes angrily.
The killer bee completely misses you.
You aren't carrying any potions.
Unknown command.
As you read the scroll of teleportation, it crumbles to dust.
You feel strangely unstable.
You feel sick. The killer bee barely misses you. The killer bee stings you.
* * * LOW HITPOINT WARNING * * *
The killer bee stings you.
* * * LOW HITPOINT WARNING * * *
Unknown command.
The killer bee stings you but does no damage.
The killer bee misses you.
Unknown command.
The killer bee stings you!
You die...

####...###
##........#
##.......)/#####
#........#.#...#
#....#..##.y...###.##
#.......#.##........
#..K....###.........
##K##..##.y.........
#..#..##@y.........
#.!................
#....#.............
#.#.##.....?....#..
#..####.....#...#..
.(... #..........
#...... ##.........
#....#. ....##.#
....... ..##


You could see 2 killer bees.

Vanquished Creatures
  Menkaure (D:4)
  A phantom (D:6)
  An ice beast (D:4)
  An ogre (D:5)
  A big kobold (D:6)
  Blork the orc (D:4)
  2 bullfrogs (D:6)
  A scorpion (D:4)
  A killer bee (D:6)
  A howler monkey (D:4)
  2 hounds (D:4)
  An orc wizard (D:4)
  An iguana (D:5)
  A hound zombie (D:5)
  4 gnolls (D:5)
  8 adders
  2 oozes
  2 worms
  2 dart slugs (D:1)
  7 leopard geckos
  5 orcs
  3 giant cockroaches
  3 hobgoblins
  7 jackals
  11 kobolds
  3 quokkas
  A ball python skeleton (D:4)
  10 bats
  4 frilled lizards
  3 goblins
  A jackal skeleton (D:5)
  8 rats
100 creatures vanquished.

Notes
Turn   | Place    | Note
-------+----------+-------------------------------------------
     0 | D:1      | xccam the Gnoll Wanderer began the quest for the Orb.
     0 | D:1      | xccam set off with the following items: 3 curare-tipped
                  | needles, a +2 blowgun, a +0 quarterstaff, a +0 falchion, a
                  | +0 robe, a ration
     0 | D:1      | Reached XP level 1. HP: 20/20 MP: 1/1
   103 | D:1      | Reached XP level 2. HP: 22/26 MP: 2/2
   471 | D:1      | Reached XP level 3. HP: 24/31 MP: 3/3
   961 | D:2      | Reached skill level 1 in Invocations
  1120 | D:2      | Reached skill level 1 in Short Blades
  1120 | D:2      | Reached skill level 1 in Axes
  1120 | D:2      | Reached skill level 1 in Maces & Flails
  1120 | D:2      | Reached skill level 1 in Polearms
  1120 | D:2      | Reached skill level 1 in Staves
  1120 | D:2      | Reached skill level 1 in Slings
  1120 | D:2      | Reached skill level 1 in Bows
  1120 | D:2      | Reached skill level 1 in Crossbows
  1120 | D:2      | Reached skill level 1 in Armour
  1120 | D:2      | Reached skill level 1 in Dodging
  1120 | D:2      | Reached skill level 1 in Stealth
  1120 | D:2      | Reached skill level 1 in Unarmed Combat
  1120 | D:2      | Reached skill level 1 in Spellcasting
  1120 | D:2      | Reached skill level 1 in Evocations
  1154 | D:2      | Found an opulent altar of Gozag.
  1183 | D:2      | Reached XP level 4. HP: 38/38 MP: 5/5
  2105 | D:4      | Reached skill level 1 in Conjurations
  2105 | D:4      | Reached skill level 1 in Hexes
  2105 | D:4      | Reached skill level 1 in Charms
  2105 | D:4      | Reached skill level 1 in Summonings
  2105 | D:4      | Reached skill level 1 in Necromancy
  2105 | D:4      | Reached skill level 1 in Translocations
  2105 | D:4      | Reached skill level 1 in Fire Magic
  2105 | D:4      | Reached skill level 1 in Ice Magic
  2105 | D:4      | Reached skill level 1 in Earth Magic
  2105 | D:4      | Reached skill level 1 in Poison Magic
  2209 | D:4      | Reached XP level 5. HP: 15/43 MP: 6/6
  2445 | D:4      | Noticed Blork the orc
  2462 | D:4      | Killed Blork the orc
  2465 | D:4      | Reached XP level 6. HP: 33/50 MP: 8/8
  2811 | D:4      | Reached skill level 5 in Fighting
  2824 | D:4      | Noticed an ice beast
  3121 | D:4      | Killed an ice beast
  3121 | D:4      | Reached XP level 7. HP: 13/56 MP: 10/10
  3367 | D:4      | Noticed Menkaure
  3376 | D:4      | Killed Menkaure
  3376 | D:4      | Reached skill level 7 in Long Blades
  3509 | D:5      | Entered Level 5 of the Dungeon
  3526 | D:5      | Found a staircase to the Ecumenical Temple.
  3535 | Temple   | Entered the Ecumenical Temple
  3671 | Temple   | Became a worshipper of Ru the Awakened
  4182 | D:5      | Found a shimmering altar of Xom.
  4423 | D:5      | Found a shattered altar of Ashenzari.
  4489 | D:5      | Noticed Grinder
  4502 | D:6      | Reached XP level 8. HP: 27/63 MP: 12/12
  4614 | D:6      | Paralysed by Grinder for 4 turns
  5000 | D:6      | Slain by a killer bee

Skill      XL: |  1  2  3  4  5  6  7  8 |
---------------+-------------------------+-----
Air Magic      | 2 3 |  3.4
Invocations    | 1 2 3 |  3.4
Short Blades   | 1 2 3 |  3.1
Axes           | 1 2 3 |  3.1
Maces & Flails | 1 2 3 |  3.1
Polearms       | 1 2 3 |  3.1
Staves         | 1 2 3 |  3.1
Slings         | 1 2 3 |  3.1
Bows           | 1 2 3 |  3.1
Crossbows      | 1 2 3 |  3.1
Armour         | 1 2 3 |  3.1
Dodging        | 1 2 3 |  3.1
Stealth        | 1 2 3 |  3.1
Unarmed Combat | 1 2 3 |  3.1
Spellcasting   | 1 2 3 |  3.1
Evocations     | 1 2 3 |  3.1
Conjurations   | 1 2 |  2.5
Hexes          | 1 2 |  2.5
Charms         | 1 2 |  2.5
Summonings     | 1 2 |  2.5
Necromancy     | 1 2 |  2.5
Translocations | 1 2 |  2.5
Fire Magic     | 1 2 |  2.5
Ice Magic      | 1 2 |  2.5
Earth Magic    | 1 2 |  2.5
Poison Magic   | 1 2 |  2.5
Throwing       | 3 4 |  4.1
Shields        | 3 4 |  4.1
Transmutations | 4 |  4.6
Fighting       | 5 |  5.6
Long Blades    | 7 |  7.3

Action                   |  1- 3 |  4- 6 |  7- 9 || total
-------------------------+-------+-------+-------++-------
Melee: Falchion          |    97 |   157 |   168 ||   422
       Bite              |    10 |    18 |    24 ||    52
       Punch             |       |       |     3 ||     3
  Use: Potion            |       |     1 |     8 ||     9
       Scroll            |       |       |     3 ||     3
 Stab: Sleeping          |     2 |     1 |       ||     3
  Eat: Chunk             |     1 |     2 |     6 ||     9
       Ration            |       |     1 |       ||     1
Armor: Robe              |    23 |       |       ||    23
       Leather armour    |     9 |    64 |    43 ||   116
Dodge: Dodged            |    71 |    95 |   104 ||   270
       Rpst.: Falchion   |    21 |    29 |    38 ||    88
